 Dungeon Crawl Stone Soup version 0.32-a0-656-g3542139ebd (webtiles) character file.

Game seed: 3466797864227752969

192 kae the Slasher (level 5, 0/38 HPs)
             Began as a Coglin Gladiator on Mar 8, 2024.
             Slain by a ball python (3 damage)
             ... on level 2 of the Dungeon.
             The game lasted 00:00:30 (917 turns).

kae the Slasher (Coglin Gladiator)                   Turns: 917, Time: 00:00:30

Health: 0/38       AC:  4    Str: 15    XL:     5   Next: 71%
Magic:  5/5        EV:  2    Int:  7    God:
Gold:   27         SH:  0    Dex: 17    Spells: 4/4 levels left

rFire   . . .        a - +0 long sword {Gurmehar}
rCold   . . .        f - +0 dagger {Francisco}
rNeg    . . .        b - +0 leather armour
rPois   .            c - +0 helmet
rElec   .            (no cloak)
rCorr   .            (no gloves)
SInv    .            (no boots)
Will    .....        (amulet unavailable)
Stlth   +            (ring unavailable)
HPRegen 0.26/turn    (ring unavailable)
MPRegen 0.09/turn    (no gizmo)

%: no passive effects
@: confused, constricted, revved
A: off-hand wielding, slow wielding, warmup strikes, no jewellery
a: Invent Gizmo


You were on level 2 of the Dungeon.
You visited 1 branch of the dungeon, and saw 2 of its levels.

You collected 27 gold pieces.


Innate Abilities, Weirdness & Mutations

You can wield a second weapon in your off-hand.
It takes a long time for you to wield or remove held weapons.
Your first few attacks do less damage.
You cannot equip rings or amulets.


   Skills:
 - Level 2.0 Fighting
 + Level 6.2 Long Blades
 - Level 1.7 Throwing
 - Level 2.6 Dodging


You had 4 spell levels left.
You didn't know any spells.
Your spell library contained the following spells:

 Spells                   Type           Power      Damage    Failure   Level
 Magic Dart               Conj           0%         1d3       50%         1
 Blink                    Tloc           0%         N/A       65%         2
 Call Imp                 Summ           0%         N/A       65%         2

Inventory:

Hand Weapons
 a - a +0 long sword (weapon) {Gurmehar}
 f - a +0 dagger (offhand) {Francisco}
Missiles
 d - 3 throwing nets (quivered) {=f!f}
 e - a javelin
 g - 11 stones
 j - 2 curare-tipped darts {=f}
 k - 10 poisoned darts
Armour
 b - a +0 leather armour (worn)
 c - a +0 helmet (worn)
Potions
 h - a potion of lignification {unknown}
 i - a potion of heal wounds {unknown}
 l - 2 potions of mutation {unknown}

Dungeon Overview and Level Annotations

Branches:
Dungeon (2/15) Zot: 11078

Altars:

#####.#^........#.###.#
#.#######.###.###.# #.
#.# #..##.# #' #.#
##.##.# #.# #.##.#
#.####.##.# #.........#
####.).#.####
+...S@...# ####...#.#
##.## # ###


You could see a ball python.


Message History

You take 2 damage, and now have 9/27 hp.
Unknown command.
You hit the ball python with your +0 dagger.
You kill the ball python!
You see here a ball python corpse. 😨 HP[+1] Unknown command.
You are too injured to fight recklessly!
You are too injured to fight recklessly!
Key pressed, stopping explore.
You are too injured to fight recklessly!
You are too injured to fight recklessly! 😨 HP[+2]
You regained 2 hp, and now have 12/27 hp.
l - 2 bubbling black potions (gained 1) Key pressed, stopping explore.
No target in view!
No target in view! 😕 HP[+10]
You regained 10 hp, and now have 22/27 hp.
A rat comes into view. 😎 HP[+5]
Your hp is fully restored (27).
A rat is nearby!
A rat is nearby!
You slash the rat with your +0 long sword!
You kill the rat!
No target in view!
You see here a rat corpse.
You see here a rat corpse.
Sigmund the Dreaded comes into view.
He is wielding a +0 scythe and carrying a wand of flame.
Sigmund is nearby!
Sigmund giggles. "Time to reap what you sow."
Sigmund closely misses you. Sigmund barely misses you.
You hit Sigmund with your +0 dagger.
You hit Sigmund with your +0 long sword.
You slash Sigmund with your +0 long sword!
You hit Sigmund but do no damage.
Sigmund points at you and mumbles some strange words.
You are confused.
You barely miss Sigmund with your +0 long sword.
You hit Sigmund with your +0 dagger. Sigmund barely misses you.
Unknown command.
Sigmund points at you and mumbles some strange words.
You are more confused.
Sigmund hits you with a +0 scythe. 😕 HP[-4]
You take 4 damage, and now have 23/27 hp.
A ball python comes into view.
The ball python hisses angrily.
Unknown command.
Sigmund barely misses you. 😕 HP[+1] Unknown command.
Unknown command.
You hit Sigmund but do no damage.
You barely miss Sigmund with your +0 dagger.
The ball python closely misses you. The ball python grabs you.
The ball python constricts you. Sigmund gestures at you while chanting.
The puff of flame hits you! 😮 HP[-8]
You take 8 damage, and now have 16/27 hp.
MASSIVE DAMAGE!! (PAUSE)
You slash Sigmund with your +0 long sword!
You hit Sigmund but do no damage. The ball python barely misses you.
The ball python constricts you.
Sigmund zaps a wand.
The puff of flame hits you!
* * * LOW HITPOINT WARNING * * *
😱 HP[-11]
You take 11 damage, and now have 5/27 hp.
MASSIVE DAMAGE!! (PAUSE)
You slash Sigmund with your +0 long sword!
You kill Sigmund!
The ball python bites you.
* * * LOW HITPOINT WARNING * * *
The ball python constricts you.
Your Long Blades skill gained 2 levels and is now at level 6!
You have reached level 4!
You feel stronger.
You have reached level 5! 😱 HP[+1] MP[+2]
You now have 38 max hp (+11).
Your mp is fully restored (5).
The ball python's grasp on you weakens, but your attempt to escape fails.
The ball python bites you.
* * * LOW HITPOINT WARNING * * *
The ball python constricts you. The ball python bites you.
* * * LOW HITPOINT WARNING * * *
The ball python constricts you.
* * * LOW HITPOINT WARNING * * *
😱 HP[-3]
You take 3 damage, and now have 3/38 hp.
Unknown command.
You closely miss the ball python with your +0 dagger.
You barely miss the ball python with your +0 long sword.
The ball python bites you.
You die...

Skill      XL: |  1  2  3 |
---------------+----------+-----
Long Blades    | 4 6 |  6.2
Fighting       | |  2.0
Throwing       | |  1.7
Dodging        | |  2.6

Action                     |  1- 3 |  4- 6 || total
---------------------------+-------+-------++-------
  Melee: Long sword        |    68 |     1 ||    69
         Dagger            |    64 |     1 ||    65
 Armour: Leather armour    |    47 |     5 ||    52
  Dodge: Dodged            |    60 |       ||    60

Levels and vault maps discovered:
D:1:      lemuel_arrival_hallway, layout_loops_ring
D:2:      minmay_angry_zag, layout_loops_corners, basic_altar,
          lexackson_kobold_supper, uniq_sigmund, uniq_jessica

Notes
Turn   | Place    | Note
-------+----------+-------------------------------------------
     0 | D:1      | kae the Coglin Gladiator began the quest for the Orb.
     0 | D:1      | Reached XP level 1. HP: 16/16 MP: 1/1
     0 | D:1      | magus.rc [v1.11.3]
   246 | D:1      | Reached XP level 2. HP: 21/22 MP: 2/2
   362 | D:1      | Reached skill level 4 in Long Blades
   423 | D:1      | You pick up a book of Minor Magic and begin reading...
   423 | D:1      | You add the spells Magic Dart, Blink and Call Imp to your
                  | library.
   727 | D:2      | Reached XP level 3. HP: 27/27 MP: 3/3
   903 | D:2      | Noticed Sigmund
   914 | D:2      | HP: 5/27 [Sigmund/puff of flame (11)]
   915 | D:2      | Killed Sigmund
   916 | D:2      | Reached skill level 6 in Long Blades
   916 | D:2      | Reached XP level 4. HP: 5/33 MP: 4/4
   916 | D:2      | Reached XP level 5. HP: 6/38 MP: 5/5
   917 | D:2      | Slain by a ball python

Vanquished Creatures
  Sigmund (D:2)
  An adder (D:2)
  2 dart slugs (D:1)
  2 ball pythons
  2 endoplasms (D:1)
  6 goblins
  A hobgoblin (D:1)
  2 bats (D:1)
  A frilled lizard (D:1)
  3 kobolds (D:1)
  4 rats
25 creatures vanquished.

Table legend:
 A = Non-vault XP
 B = Vault XP
 C = Vault XP percentage of total XP
 D = Non-vault monster count
 E = Vault monster count
 F = Vault count percentage of total count
                 A         B        C        D         E       F
            +---------+---------+-------+---------+---------+-------
      Total |      52 |     223 |  81.1 |      24 |       1 |   4.0
            +---------+---------+-------+---------+---------+-------
        D:1 |      33 |       0 |   0.0 |      19 |       0 |   0.0
        D:2 |      19 |     223 |  92.1 |       5 |       1 |  16.7
            +---------+---------+-------+---------+---------+-------

Skill      XL: |  1  2  3 |
---------------+----------+-----
Long Blades    | 4 6 |  6.2
Fighting       | |  2.0
Throwing       | |  1.7
Dodging        | |  2.6

Action                     |  1- 3 |  4- 6 || total
---------------------------+-------+-------++-------
  Melee: Long sword        |    68 |     1 ||    69
         Dagger            |    64 |     1 ||    65
 Armour: Leather armour    |    47 |     5 ||    52
  Dodge: Dodged            |    60 |       ||    60

Illustrated notes

Table legend:
 A = Kills in this place as a percentage of kills in the entire game.
 B = Kills by you in this place as a percentage of kills by you in the entire game.
 C = Kills by friends in this place as a percentage of kills by friends in the entire game.
 D = Other kills in this place as a percentage of other kills in the entire game.
 E = Experience gained in this place as a percentage of experience gained in the entire game.
 F = Experience gained in this place divided by the number of levels of this place that you have seen.
                   A       B       C       D       E      F
               +-------+-------+-------+-------+-------+----------------------
         Total | 100.0 | 100.0 |   N/A |   N/A | 100.0 | 137.5
       Dungeon | 100.0 | 100.0 |   N/A |   N/A | 100.0 | 137.5
               +-------+-------+-------+-------+-------+----------------------

Table legend: (Time is in decaauts)
 A = Elapsed time spent in this place.
 B = Non-inter-level travel time spent in this place.
 C = Inter-level travel time spent in this place.
 D = Time resting spent in this place.
 E = Time spent auto-exploring this place.
 F = Levels seen in this place.
 G = Mean time per level.
                   A        B        C        D        E       F      G
               +--------+--------+--------+--------+--------+-----+--------+
         Total |    920 |    893 |     27 |      0 |    739 |   2 |  460.0 |
       Dungeon |    920 |    893 |     27 |      0 |    739 |   2 |  460.0 |
               +--------+--------+--------+--------+--------+-----+--------+

Top non-repeatable levels by time:
     D:1: 685 daAuts
     D:2: 235 daAuts
